 Dungeon Crawl Stone Soup version 0.31.0-4-g52a2dc7128 (webtiles) character file.

Game seed: 15512979047432887041

148 jagua972 the Digger (level 5, 0/32 HPs)
             Began as a Gargoyle Earth Elementalist on Jan 22, 2024.
             Slain by an iguana (7 damage)
             ... on level 4 of the Dungeon.
             The game lasted 00:11:39 (2076 turns).

jagua972 the Digger (Gargoyle Earth Elementalist)   Turns: 2076, Time: 00:11:41

Health: 0/32       AC: 10    Str: 12    XL:     5   Next: 30%
Magic:  8/8        EV:  9    Int: 20    God:
Gold:   90         SH:  0    Dex:  9    Spells: 7/8 levels left

rFire   . . .        j - +0 rapier
rCold   . . .        (no shield)
rNeg    + . .        c - +0 scale mail
rPois   ∞            (no helmet)
rElec   +            (no cloak)
rCorr   .            (no gloves)
SInv    .            (no boots)
Will    .....        (no amulet) Stlth
                     (no ring)
HPRegen 0.25/turn    (no ring)
MPRegen 0.11/turn

%: no passive effects
@: no status effects
A: sickness immunity, AC +4, negative energy resistance 1, electricity
resistance, torment resistance 1, petrification resistance, clever 1, sense
surroundings 1, inability to read after injury 1
a: no special abilities


You were on level 4 of the Dungeon.
You visited 1 branch of the dungeon, and saw 5 of its levels.

You collected 90 gold pieces.

Inventory:

Hand Weapons
 j - a +0 rapier (weapon)
Armour
 a - a +0 robe
 c - a +0 scale mail (worn)
 n - a +0 ring mail
Scrolls
 d - 6 scrolls of identify
 e - a scroll of fog {unknown}
 i - a scroll of blinking
Potions
 b - a potion of magic
 f - a potion of mutation
 g - a potion of curing
 h - a potion of heal wounds


   Skills:
 - Level 3.0 Fighting
 - Level 0.9 Maces & Flails
 - Level 2.1 Armour
 - Level 1.7 Dodging
 - Level 2.1 Stealth
 - Level 2.0 Spellcasting
 - Level 2.0 Conjurations
 - Level 4.0 Earth Magic
 * Level 1.0 Evocations


You had 7 spell levels left.
You knew the following spells:

 Your Spells              Type           Power      Damage    Failure   Level
a - Sandblast             Erth           36%        2d10      16%         1

Your spell library contained the following spells:

 Spells                   Type           Power      Damage    Failure   Level
 Passwall                 Erth           18%        N/A       43%         3
 Stone Arrow              Conj/Erth      28%        3d8       56%         3
 Ensorcelled Hibernation  Hex/Ice        4%         N/A       77%         2
 Brom's Barrelling Bould  Conj/Erth      14%        2d4       93%         4
 Swiftness                Air            2%         N/A       94%         3
 Petrify                  Alch/Erth      10%        N/A       98%         4


Dungeon Overview and Level Annotations

Branches:
Dungeon (5/15)
 Temple: D:4-7

Altars:


Innate Abilities, Weirdness & Mutations

You are immune to sickness and miasma.
Your stone body is resilient. (AC +4)
You are immune to poison.
You resist negative energy. (rN+)
You are resistant to electric shocks. (rElec)
You are resistant to unholy torment.
You are immune to petrification.
Your mind is acute. (Int +4, Str/Dex -1)
You passively map a small area around you.
You occasionally lose the ability to read scrolls when taking damage.


Message History

An orc priest comes into view. It is wielding a +0 mace.
The giant cockroach bites you but does no damage.
Something hits you.
The giant cockroach attacks as it pursues you!
The giant cockroach bites you but does no damage.
The orc priest shouts!
You hit the giant cockroach.
The giant cockroach is moderately wounded.
The giant cockroach closely misses you.
The giant cockroach bites you but does no damage.
You barely miss the giant cockroach.
The giant cockroach is moderately wounded.
An orc comes into view. It is wielding a +0 dagger.
The giant cockroach bites you but does no damage.
You hit the giant cockroach.
The giant cockroach is heavily wounded.
The giant cockroach bites you but does no damage.
You hit the giant cockroach but do no damage.
The giant cockroach is heavily wounded.
The giant cockroach bites you but does no damage. x2
The orc priest looks satisfied for a moment.
You feel extremely strange.
You feel genetically unstable.
You feel your surroundings grow louder.
You recover from draining at a normal speed again.
You feel clever.
You occasionally lose the ability to read scrolls when taking damage.
You feel a strange attunement to the structure of the dungeons.
You hit the iguana.
The iguana is lightly wounded.
The iguana bites you.
You hit the iguana.
The iguana is moderately wounded.
The iguana closely misses you.
You hit the iguana.
The iguana is heavily wounded.
The orc priest calls down the wrath of Beogh upon you.
Beogh smites you!
* * * LOW HITPOINT WARNING * * *
The iguana bites you!
You die...

#......# #......# ##########
#......# #........# #......#
#........# #......#####
#........# #...........
##........#### #...........
...<........B#######...........
[.........ogol@................
##.#.......oK############......
...........K.# #...... ,
##.#.#####...# #...... , $# #.
#...# #####.. # #, *#...# #.. ,
, ##### #.. , #.. , ##..


You could see an iguana, an orc priest, 2 orcs, a giant cockroach, a hobgoblin
and 2 kobolds.

Vanquished Creatures
  2 hounds
  3 adders
  A ribbon worm (D:2)
  7 bats
  5 endoplasms
  2 giant cockroaches (D:1)
  6 goblins
  3 hobgoblins (D:2)
  10 jackals
  2 quokkas
  3 ball pythons
  2 frilled lizards
  5 kobolds
  4 rats
55 creatures vanquished.

Notes
Turn   | Place    | Note
-------+----------+-------------------------------------------
     0 | D:1      | jagua972 the Gargoyle Earth Elementalist began the quest
                  | for the Orb.
     0 | D:1      | Reached XP level 1. HP: 10/10 MP: 3/3
   184 | D:1      | Reached skill level 1 in Fighting
   240 | D:1      | Reached XP level 2. HP: 16/16 MP: 1/5
   786 | D:1      | Reached XP level 3. HP: 21/21 MP: 6/6
   982 | D:2      | Reached skill level 1 in Armour
  1165 | D:2      | Gained mutation: Your health recovers twice as slowly from
                  | being drained. [potion of mutation]
  1165 | D:2      | Gained mutation: You passively dampen the noise of your
                  | surroundings. [potion of mutation]
  1165 | D:2      | Gained mutation: You are somewhat resistant to further
                  | mutation. [potion of mutation]
  1264 | D:2      | Reached XP level 4. HP: 21/27 MP: 7/7
  1800 | D:3      | You fall into a shaft and drop 2 floors!
  1800 | D:5      | Entered Level 5 of the Dungeon
  1829 | D:5      | Reached XP level 5. HP: 25/32 MP: 8/8
  1944 | D:4      | Reached skill level 4 in Earth Magic
  2005 | D:4      | Reached skill level 1 in Evocations
  2073 | D:4      | Lost mutation: You are somewhat resistant to further
                  | mutation. [potion of mutation]
  2073 | D:4      | Lost mutation: You passively dampen the noise of your
                  | surroundings. [potion of mutation]
  2073 | D:4      | Lost mutation: Your health recovers twice as slowly from
                  | being drained. [potion of mutation]
  2073 | D:4      | Gained mutation: Your mind is acute. (Int +4, Str/Dex -1)
                  | [potion of mutation]
  2073 | D:4      | Gained mutation: You occasionally lose the ability to read
                  | scrolls when taking damage. [potion of mutation]
  2073 | D:4      | Gained mutation: You passively map a small area around you.
                  | [potion of mutation]
  2076 | D:4      | Slain by an iguana

Illustrated notes

Levels and vault maps discovered:
D:1:      roderic_chinese_lattice_arrival, layout_loops_ring
D:2:      layout_rooms, minmay_misc_feat_alley, nrook_mini_vaults,
          kennysheep_cluttered_room
D:3:      layout_basic
D:4:      layout_basic, trog_ov_bears_minmay, minmay_surrounded
D:5:      layout_loops_ring, uniq_ijyb

Skill      XL: |  1  2  3  4  5 |
---------------+----------------+-----
Fighting       | 1 2 3 |  3.0
Armour         | 1 2 |  2.1
Conjurations   | 2 |  2.0
Earth Magic    | 4 |  4.0
Evocations     | 1 |  1.0
Maces & Flails | |  0.9
Dodging        | |  1.7
Stealth        | |  2.1
Spellcasting   | |  2.0

Action                     |  1- 3 |  4- 6 || total
---------------------------+-------+-------++-------
  Melee: Short sword       |    23 |       ||    23
         Unarmed           |    16 |       ||    16
         Punch             |     1 |     1 ||     2
         Whip              |   163 |    25 ||   188
         Rapier            |       |   109 ||   109
   Cast: Sandblast         |    13 |     5 ||    18
    Use: Potion            |     5 |     1 ||     6
         Scroll            |       |     3 ||     3
 Armour: Scale mail        |   208 |   156 ||   364
  Dodge: Dodged            |   145 |   112 ||   257
